 Dungeon Crawl Stone Soup version 0.28-a0-413-gde365fb1df (webtiles) character file.

Game seed: 12089219152903160016

58 SkeletonJelly the Firebug (level 3, 0/22 HPs)
             Began as a Deep Elf Cinder Acolyte on Sept 7, 2021.
             Was a High Priest of Ignis.
             Slain by an orc (3 damage)
             ... on level 2 of the Dungeon.
             The game lasted 00:04:40 (2716 turns).

SkeletonJelly the Firebug (Deep Elf Cinder Acolyte) Turns: 2716, Time: 00:04:40

Health: 0/22       AC:  5    Str: 12    XL:     3   Next: 76%
Magic:  1/9        EV: 10    Int: 18    God:    Ignis [*****.]
Gold:   84         SH:  0    Dex: 10    Spells: 6/8 levels left

rFire   + . .      SeeInvis .   a - -1 falchion (flame)
rCold   . . .      Faith    .   (no shield)
rNeg    . . .      Spirit   .   m - +0 ring mail
rPois   .          Reflect  .   (no helmet)
rElec   .          Harm     .   (no cloak)
rCorr   .          Rampage  .   (no gloves)
Will    +....                   (no boots)
Stlth   ..........              (no amulet)
HPRegen 0.07/turn               l - ring of willpower
MPRegen 0.11/turn               (no ring)

@: no status effects
A: no striking features
a: Renounce Religion, Sea of Fire, Foxfire Swarm, Rising Flame


You were on level 2 of the Dungeon.
You worshipped Ignis.
Ignis was extremely pleased with you.
You visited 1 branch of the dungeon, and saw 3 of its levels.

You collected 84 gold pieces.

Inventory:

Hand Weapons
 a - a -1 falchion of flaming (weapon)
Armour
 b - a +0 robe
 m - a +0 ring mail (worn)
Jewellery
 l - a ring of willpower (left hand)
Wands
 j - a wand of polymorph (9)
Scrolls
 d - 2 scrolls of identify {unknown}
 e - 2 scrolls of amnesia {unknown}
 g - 2 scrolls of teleportation {unknown}
 h - a scroll of noise {unknown}
 i - a scroll of magic mapping {unknown}
 k - a scroll of acquirement {unknown}
Potions
 c - a potion of heal wounds {unknown}
 f - a potion of degeneration {unknown}


   Skills:
 - Level 2.4 Fighting
 - Level 2.6 Long Blades
 + Level 3.0 Spellcasting
 * Level 4.7 Fire Magic


You had 6 spell levels left.
You knew the following spells:

 Your Spells              Type           Power      Damage    Failure   Level
a - Scorch                Fire           38%        2d7       8%          2

Your spell library contained the following spells:

 Spells                   Type           Power      Damage    Failure   Level
 Pain                     Necr           8%         1d4       36%         1
 Blink                    Tloc           N/A        N/A       50%         2
 Agony                    Necr           2%         N/A       100%        5
 Excruciating Wounds      Necr           1%         N/A       100%        5
 Manifold Assault         Tloc           2%         N/A       100%        5
 Storm Form               Tmut/Air       1%         N/A       100%        7


Dungeon Overview and Level Annotations

Branches:
Dungeon (3/15)

Altars:


Message History

You add the spells Pain, Agony and Excruciating Wounds to your library.
Okay, then.
An orc comes into view. It is wielding a +0 whip.
The orc shouts!
Flames lash the orc.
The orc is almost dead.
The orc's fire resistance burns away.
A giant cockroach comes into view.
You now have 7/9 mp.
Flames lash the orc.
The orc is burned terribly!
You kill the orc!
You now have 5/9 mp.
A giant cockroach is nearby!
A giant cockroach is nearby!
Found 9 stones.
Things that are here:
a +0 whip; 4 boomerangs; an orc corpse Flames lash the giant cockroach.
You kill the giant cockroach!
You now have 3/9 mp.
You open the door.
Key pressed, stopping explore.
There is an open door here.
You open the door.
There is an open door here.
You open the door.
There is an open door here.
Key pressed, stopping explore.
Key pressed, stopping explore.
An orc comes into view. It is wielding a +0 dagger.
The orc shouts!
An orc priest comes into view. It is wielding a +0 dagger.
MP restored: 9
There are monsters nearby!
There are monsters nearby!
The orc priest shouts!
You hear a shout!
An endoplasm comes into view.
Flames lash the orc but do no damage.
The endoplasm quivers.
You now have 7/9 mp.
Flames lash the orc.
The orc is severely wounded.
The orc's fire resistance burns away.
You now have 5/9 mp.
The orc priest looks satisfied for a moment.
The orc is no longer more vulnerable to fire.
The orc priest calls upon Beogh to heal the orc.
The orc's wounds heal themselves!
The orc hits you but does no damage.
The orc priest looks braver for a moment.
There is a stone staircase leading up here.
The orc priest calls down the wrath of Beogh upon you.
Beogh smites you!
Ouch! That really hurt!
You climb upwards.
There is a stone staircase leading down here.
You take 13 damage, and have 9/22 hp.
MASSIVE DAMAGE!!
You are too injured to fight recklessly!
You are too injured to fight recklessly!
Okay, then.
Unknown command.
Okay, then.
Unknown command.
Casting: Scorch (safe; 8% risk of failure)
Press: ? - help, Q - select action, (/) - cycle Dir - look around, f - activate Flames lash the orc.
The orc is lightly wounded.
The orc's fire resistance burns away.
The orc barely misses you.
You now have 4/9 mp.
You hit the orc but do no damage.
The orc is lightly wounded.
The orc is no longer more vulnerable to fire.
The orc barely misses you. x2
You hit the orc but do no damage.
The orc is lightly wounded.
The orc hits you with a +0 dagger.
* * * LOW HITPOINT WARNING * * *
You take 3 damage, and have 6/22 hp.
You barely miss the orc.
The orc is lightly wounded.
The orc hits you but does no damage.
Casting: Scorch (safe; 8% risk of failure)
Press: ? - help, Q - select action, (/) - cycle Dir - look around, f - activate Flames lash the orc but do no damage.
The orc hits you with a +0 dagger.
* * * LOW HITPOINT WARNING * * *
You take 1 damage, and have 5/22 hp.
You now have 2/9 mp.
You hit the orc but do no damage.
The orc is lightly wounded.
The orc hits you with a +0 dagger.
* * * LOW HITPOINT WARNING * * *
You take 3 damage, and have 2/22 hp.
Casting: Scorch (safe; 8% risk of failure)
Press: ? - help, Q - select action, (/) - cycle Dir - look around, f - activate Flames lash the orc.
The orc is almost dead.
The orc's fire resistance burns away.
The orc hits you with a +0 dagger.
You die...

# #.# #......#.##.##.# #
#.###.###.##.##....# # #..##.#
#.##.##.###### #############.##.#
#.##.#........ ....##.....##..#.#
#....)........
#.#.##.....###.#.######<#.......(
..#..'..................#........
.....#.....####o.########......^.
.....+.....'....@# #........
.....#.....####### #########
...........# ...........#
..........## ..........#
###########


You could see an orc (inflammable).

Vanquished Creatures
  An adder (D:3)
  2 worms
  An orc (D:3)
  An endoplasm (D:1)
  3 giant cockroaches
  6 goblins
  6 hobgoblins
  2 jackals (D:3)
  A quokka (D:2)
  4 ball pythons
  2 bats (D:1)
  2 frilled lizards
  4 kobolds
  4 rats
39 creatures vanquished.

Vanquished Creatures (others)
  8 toadstools (D:3)
8 creatures vanquished.

Grand Total: 47 creatures vanquished

Notes
Turn   | Place    | Note
-------+----------+-------------------------------------------
     0 | D:1      | SkeletonJelly the Deep Elf Cinder Acolyte began the quest
                  | for the Orb.
     0 | D:1      | Reached XP level 1. HP: 13/13 MP: 5/5
   294 | D:1      | Reached XP level 2. HP: 12/18 MP: 7/7
   860 | D:1      | Learned a level 2 spell: Scorch
  1134 | D:1      | Reached skill level 4 in Fire Magic
  1322 | D:1      | Found a faded altar of an unknown god.
  1322 | D:1      | Noticed a red devil
  1772 | D:2      | Reached XP level 3. HP: 22/22 MP: 1/8
  2716 | D:2      | Slain by an orc

Illustrated notes

Levels and vault maps discovered:
D:1:      amcnicky_arrival_choice, layout_loops_corners,
          dreamdust_ecumenical_altar_sealed_demon, serial_rivers,
          chequers_serial_rivers_small_b, chequers_serial_rivers_micro_c,
          chequers_serial_rivers_micro_c, chequers_serial_rivers_small_3
D:2:      layout_basic, grunt_ministairs_1
D:3:      cheibrodos_fertilizer, layout_basic, lemuel_tele_altar, serial_shops,
          shop, grunt_decor_fettered, roderic_cross_of_infinity,
          kennysheep_cross_room

Skill      XL: |  1  2  3 |
---------------+----------+-----
Spellcasting   | 2 3 |  3.0
Fire Magic     | 4 |  4.7
Fighting       | |  2.4
Long Blades    | |  2.6

Action                   || total
-------------------------++-------
Melee: Falchion          ||    58
 Cast: Scorch            ||    33
Armor: Robe              ||    12
       Ring mail         ||     3
Dodge: Dodged            ||    42

Table legend: (Time is in decaauts)
 A = Elapsed time spent in this place.
 B = Non-inter-level travel time spent in this place.
 C = Inter-level travel time spent in this place.
 D = Time resting spent in this place.
 E = Time spent auto-exploring this place.
 F = Levels seen in this place.
 G = Mean time per level.
                   A        B        C        D        E       F      G
               +--------+--------+--------+--------+--------+-----+--------+
         Total |   2731 |   2667 |     64 |      0 |   2411 |   3 |  910.3 |
       Dungeon |   2731 |   2667 |     64 |      0 |   2411 |   3 |  910.3 |
               +--------+--------+--------+--------+--------+-----+--------+

Top non-repeatable levels by time:
     D:1: 1493 daAuts
     D:2: 854 daAuts
     D:3: 383 daAuts
